 Dungeon Crawl Stone Soup version 0.31-a0-426-g3a05650e59 (webtiles) character file.

Game seed: 17880163227888012429

9 Ofeo the Changeling (level 2, 18/21 HPs)
             Began as a Demonspawn Shapeshifter on July 30, 2023.
             Quit the game on level 1 of the Dungeon.
             The game lasted 00:00:24 (738 turns).

Ofeo the Changeling (Demonspawn Shapeshifter)        Turns: 738, Time: 00:00:25

Health: 18/21      AC:  4    Str: 15    XL:     2   Next: 3%
Magic:  2/2        EV: 12    Int:  9    God:
Gold:   26         SH:  0    Dex: 13    Spells: 1/1 levels left

rFire   . .          .
                       - Unarmed
rCold   . . .        (no shield)
rNeg    . . .        a - +0 animal skin
rPois   .            (helmet currently unavailable)
rElec   .            (cloak currently unavailable)
rCorr   .            (gloves currently unavailable)
SInv    .            (boots currently unavailable)
Will    .....        (no amulet)
Stlth   +            (no ring)
HPRegen 0.23/turn    (no ring)
MPRegen 0.08/turn

%: no passive effects
@: beast-form
A: beast (slay +1), slimy green scales 1
a: Begin Untransformation


You were on level 1 of the Dungeon.
You were a hulking beast.
You visited 1 branch of the dungeon, and saw 1 of its levels.

You collected 26 gold pieces.

Inventory:

Armour
 a - a +0 animal skin (worn)
Talismans
 c - a beast talisman (active)
Scrolls
 d - a scroll of identify {unknown}
 e - a scroll of teleportation {unknown}
Potions
 b - a potion of lignification
 f - a potion of brilliance {unknown}


   Skills:
 + Level 1.3 Fighting
 + Level 2.0 Dodging
 - Level 2.7 Unarmed Combat
 + Level 2.8 Shapeshifting


You had one spell level left.
You didn't know any spells.
Your spell library was empty.

Dungeon Overview and Level Annotations

Branches:
Dungeon (1/15)

Altars:


Innate Abilities, Weirdness & Mutations

You are a hulking beast.
Your limbs bulge with bestial killing power. (Slay +1)
You are partially covered in slimy green scales. (AC +2)


Message History

Health restored: 15 You now have 14 gold pieces (gained 2).
f - an inky potion
Found a dagger.
You open the door.
There is an open door here.
A rat comes into view.
A rat is nearby!
The rat twitches its whiskers.
The rat barely misses you.
You hit the rat.
You kill the rat!
Your Dodging skill increases to level 2!
No target in view!
No target in view!
No target in view!
No target in view!
No target in view!
You now have 26 gold pieces (gained 12).
As you open the door, it creaks loudly!
A ball python comes into view.
The ball python hisses angrily.
A ball python is nearby!
A ball python is nearby!
A dart slug comes into view.
There is an open door here.
You closely miss the ball python. The ball python bites you.
The ball python completely misses you.
You take 3 damage, and have 12/15 hp.
You hit the ball python.
The ball python is severely wounded.
The ball python misses you. x2
You hit the ball python.
You kill the ball python!
You have reached level 2!
Your demonic ancestry asserts itself...
Slimy green scales grow over part of your body.
You regained 6 hp, and now have 18/21 hp.
MP restored: 2 Are you sure you want to abandon this character and quit the game? (Confirm with "yes".)

...)# ##.###.######.#
.#.†# ##...## ....#
#..## #.#.# ##'## #.#.#
##...## ....# ##.....##
#.### ##.......## #
...####.........####...#
......+.........h†..w...
...####.........####....
#.## ##.......## . ..#
##.....## #.# ##...##
#.# ##+## #.# #.# .##
#.# ######## ##.#####


You could see a dart slug.

Vanquished Creatures
  2 ball pythons (D:1)
  An endoplasm (D:1)
  A giant cockroach (D:1)
  3 bats (D:1)
  A kobold (D:1)
  A rat (D:1)
9 creatures vanquished.

Notes
Turn   | Place    | Note
-------+----------+-------------------------------------------
     0 | D:1      | Ofeo the Demonspawn Shapeshifter began the quest for the
                  | Orb.
     0 | D:1      | Reached XP level 1. HP: 15/15 MP: 1/1
   738 | D:1      | Gained mutation: You are partially covered in slimy green
                  | scales. (AC +2) [demonic ancestry]
   738 | D:1      | Reached XP level 2. HP: 18/21 MP: 2/2
   738 | D:1      | Quit the game

Illustrated notes

Levels and vault maps discovered:
D:1:      psy_arrival_basics, layout_loops_corners

Skill      XL: |  1 |
---------------+----+-----
Dodging        | 2 |  2.0
Fighting       | |  1.3
Unarmed Combat | |  2.7
Shapeshifting  | |  2.8

Action                     || total
---------------------------++-------
  Melee: Unarmed           ||    20
 Armour: Animal skin       ||     7
  Dodge: Dodged            ||    16

Table legend: (Time is in decaauts)
 A = Elapsed time spent in this place.
 B = Non-inter-level travel time spent in this place.
 C = Inter-level travel time spent in this place.
 D = Time resting spent in this place.
 E = Time spent auto-exploring this place.
 F = Levels seen in this place.
 G = Mean time per level.
                   A        B        C        D        E       F      G
               +--------+--------+--------+--------+--------+-----+--------+
         Total |    736 |    736 |      0 |     46 |    639 |   1 |  736.0 |
       Dungeon |    736 |    736 |      0 |     46 |    639 |   1 |  736.0 |
               +--------+--------+--------+--------+--------+-----+--------+

Top non-repeatable levels by time:
     D:1: 736 daAuts
